 Dungeon Crawl Stone Soup version 0.18-a0-1774-gce1f7b6 (webtiles) character file.

262 Duffy the Digger (level 6, -3/41 HPs)
             Began as a Formicid Earth Elementalist on Apr 15, 2016.
             Slain by Menkaure (12 damage)
             ... on level 4 of the Dungeon.
             The game lasted 00:04:57 (3745 turns).

Duffy the Digger (Formicid Earth Elementalist)      Turns: 3745, Time: 00:04:58

Health: -3/41      AC:  6    Str: 12    XL:     6   Next: 42%
Magic:  13/13      EV: 12    Int: 15    God:
Gold:   83         SH:  0    Dex: 13    Spells: 4 memorised, 3 levels left

rFire  . . .     SeeInvis +     p - +5 quarterstaff (chaos)
rCold  . . .     Gourm    .     e - +0 robe
rNeg   . . .     Faith    .     (no shield)
rPois  .         Spirit   .     (helmet unavailable)
rElec  .         Dismiss  .     t - +0 cloak
rCorr  .         Reflect  .     y - +0 pair of gloves
SustAt .         Harm     .     q - +1 pair of boots
MR     .....                    (no amulet)
Stlth  ++........               (no ring)
                                (no ring)

@: not resistant to hostile enchantments, unstealthy
A: permanent stasis, dig shafts and tunnels, four strong arms, antennae 3
a: Dig, Shaft Self


You were on level 4 of the Dungeon.
You were not hungry.

You visited 1 branch of the dungeon, and saw 4 of its levels.

You collected 83 gold pieces.


Innate Abilities, Weirdness & Mutations

You are under a permanent stasis effect.
You can dig through walls and to a lower floor.
Your four strong arms can wield two-handed weapons with a shield.
You have a pair of large antennae on your head (SInv).


   Skills:
 - Level 1.7 Dodging
 - Level 2.4 Stealth
 + Level 4.8 Spellcasting
 - Level 1.1 Transmutations
 + Level 6.1 Earth Magic


You had 3 spell levels left.
You knew the following spells:

 Your Spells              Type           Power        Failure   Level  Hunger
a - Sandblast             Erth           ###...       1%          1    None
b - Passwall              Trmt/Erth      ##........   8%          2    ##.....
c - Stone Arrow           Conj/Erth      ##....       17%         3    ###....
l - Lee's Rapid Deconstr  Erth           ###.......   41%         5    ######.

Inventory:

Hand Weapons
 a - a +0 whip
 f - a +0 dagger of pain
 p - a +5 quarterstaff of chaos (weapon)
 r - a +0 quarterstaff
Missiles
 b - 94 stones (quivered)
Armour
 e - a +0 robe (worn)
 m - a cursed +0 ring mail
 q - a +1 pair of boots (worn)
 t - a +0 cloak (worn)
 v - a cursed -1 leather armour
 y - a +0 pair of gloves (worn)
Scrolls
 g - a scroll of immolation {unknown}
 i - a scroll of magic mapping {unknown}
 j - a scroll of noise {unknown}
 k - 2 scrolls of enchant weapon
 s - a scroll of blinking {unknown}
 u - a scroll of amnesia {unknown}
 w - 4 scrolls of identify {unknown}
Potions
 h - 2 potions of invisibility {unknown}
 o - a potion of curing {unknown}
 z - a potion of resistance {unknown}
Books
 c - a book of Geomancy
Comestibles
 d - 2 bread rations
 l - a slice of pizza
 n - 3 royal jellies
 x - 3 meat rations
 A - 2 beef jerkies
 B - 5 chunks of flesh

Dungeon Overview and Level Annotations

Branches:
Dungeon (4/15)
 Temple: D:4-7

Altars:
Yredelemnul

Annotations:
D:4 Menkaure


Message History

B - 5 chunks of flesh (gained 2)
A - 2 beef jerkies (gained 1)
An adder comes into view.
The adder moves out of view.
Found a red potion.
You thump the adder!
The adder seems to slow down.
You freeze the adder.
You kill the adder!
No target in view!
No target in view!
Menkaure, Prince of Dust comes into view.
You see here an adder corpse.
You butcher the adder corpse.
Things that are here:
a chunk of flesh; an adder skeleton Menkaure is nearby!
B - 6 chunks of flesh (gained 1)
You see here a scroll labeled QANARE YDEVY.
w - 4 scrolls labeled QANARE YDEVY (gained 1) Menkaure shouts!
Menkaure shouts, "The curse of the Pharaohs be upon you!"
Menkaure gestures wildly while chanting.
Menkaure seems to speed up.
Menkaure calls on the powers of darkness!
Your body is wracked with pain!
Menkaure closely misses you. Menkaure hits you!
Some of the chunks of flesh in your inventory have rotted away.
You are too injured to fight recklessly!
You are too injured to fight recklessly!
You sock Menkaure! You freeze Menkaure.
Menkaure is moderately damaged.
Menkaure barely misses you.
You hit Menkaure.
Menkaure is heavily damaged.
Menkaure hits you!
You die...

#.######.##......######
.......................
#.######..#..#.#...####
...............%....!..
#)#######.#..#.#...####
#.# #.#..#.#....... #.#
#....#.#...#### #.#
#..........# #.#
#......#@..# #.#
#....#.#M..# #.#
##............ #.#
##..#.#...#### ..#
#..#.#...# ### #.
......# ##.#.#...# #.
##..#


You could see Menkaure.

Action                   |  1- 3 |  4- 6 || total
-------------------------+-------+-------++-------
Melee: Whip              |    16 |    10 ||    26
       Quarterstaff      |       |    81 ||    81
 Cast: Sandblast         |    42 |    38 ||    80
  Use: Scroll            |       |     1 ||     1
 Stab: Sleeping          |       |     7 ||     7
  Eat: Chunk             |     2 |     7 ||     9
Armor: Robe              |     4 |    21 ||    25
Dodge: Dodged            |    21 |    71 ||    92

Notes
Turn   | Place    | Note
--------------------------------------------------------------
     0 | D:1      | Duffy the Formicid Earth Elementalist began the quest for the Orb.
     0 | D:1      | Reached XP level 1. HP: 13/13 MP: 3/3
   245 | D:1      | Reached XP level 2. HP: 19/19 MP: 1/5
   447 | D:1      | Learned a level 2 spell: Passwall
   555 | D:1      | Reached skill level 4 in Earth Magic
  1035 | D:1      | Reached XP level 3. HP: 24/24 MP: 5/7
  1040 | D:1      | Learned a level 3 spell: Stone Arrow
  1231 | D:1      | Reached skill level 3 in Spellcasting
  1608 | D:2      | Reached XP level 4. HP: 26/30 MP: 5/9
  1848 | D:2      | Found a basalt altar of Yredelemnul.
  1943 | D:2      | Noticed Crazy Yiuf
  1950 | D:2      | Killed Crazy Yiuf
  1950 | D:2      | Reached skill level 5 in Earth Magic
  1950 | D:2      | Reached XP level 5. HP: 24/35 MP: 4/10
  2172 | D:2      | Reached skill level 4 in Spellcasting
  2647 | D:2      | Learned a level 5 spell: Lee's Rapid Deconstruction
  2913 | D:3      | Reached XP level 6. HP: 21/41 MP: 7/12
  3609 | D:4      | Reached skill level 6 in Earth Magic
  3735 | D:4      | Noticed Menkaure
  3745 | D:4      | Slain by Menkaure

Vault maps used:
D:1:      lightli_arrival_statue_moat
D:2:      yredelemnul_altar_generic, uniq_crazy_yiuf_cottage
D:4:      bloody_trog, bloody_makhleb, grunt_decor_one_mirror, uniq_menkaure,
          uniq_robin

Vanquished Creatures
  Crazy Yiuf
  An orc wizard
  11 adders
  3 oozes
  An adder skeleton
  A worm
  2 dart slugs
  8 giant geckos
  7 orcs
  4 ball pythons
  A giant cockroach
  3 goblins
  3 hobgoblins
  4 jackals
  3 quokkas
  5 bats
  13 kobolds
  10 rats
81 creatures vanquished.
